TOP OF THE 1ST |
Greenville Drive batting - Pitching for Kannapolis Intimidators : RHP Rick Sacket
|
Pitching: RHP Rick Sacket
|
|
Batting: RHB John Chiesa
|
0-0: Called Strike 0-1: Ball 1-1: Ball 2-1: Ball 3-1: SINGLE (Groundball, 6M, EV 97.5 MPH) (infield hit)
|
Batting: LHB Frank Olivo
|
0-0: Swinging Strike 0-1: Grounds into double play, 5-4-3 (Groundball, 56, EV 103.1 MPH)
|
Batting: LHB Jarrett Mordecai
|
0-0: Ground out 3-1 (Groundball, 13, EV 90.6 MPH)
|
Top of the 1st over - 0 runs, 1 hit, 0 errors, 0 left on base; Greenville 0 - Kannapolis 0 |
BOTTOM OF THE 1ST |
Kannapolis Intimidators batting - Pitching for Greenville Drive : LHP Nick Barnes
|
Pitching: LHP Nick Barnes
|
|
Batting: RHB Jeremy Hoffert
|
0-0: Called Strike 0-1: Ball 1-1: Foul Ball, location: 2F 1-2: Ball 2-2: Ground out 6-3 (Groundball, 6M, EV 89.4 MPH)
|
Batting: LHB Joe Kirkland
|
0-0: Swinging Strike 0-1: Called Strike 0-2: Strikes out looking
|
Batting: RHB Dusty Ballard
|
0-0: Ball 1-0: Foul Ball, location: 2F 1-1: Swinging Strike 1-2: Foul Ball, location: 2F 1-2: Ball 2-2: Ball 3-2: Foul Ball, location: 2F 3-2: Foul Ball, location: 2F 3-2: Strikes out swinging
|
Bottom of the 1st over - 0 runs, 0 hits, 0 errors, 0 left on base; Greenville 0 - Kannapolis 0 |
TOP OF THE 2ND |
Greenville Drive batting - Pitching for Kannapolis Intimidators : RHP Rick Sacket
|
Batting: LHB Sergio Tinoco
|
0-0: Foul Ball, location: 2F 0-1: Swinging Strike 0-2: Foul Ball, location: 2F 0-2: Foul Ball, location: 2F 0-2: Foul Ball, location: 2F 0-2: Ball 1-2: Ball 2-2: Strikes out swinging
|
Batting: RHB Jose Diaz
|
0-0: Ball 1-0: Ball 2-0: DOUBLE (Flyball, 8RXD, EV 103.1 MPH)
|
Batting: RHB Nick Cottrell
|
0-0: Ball 1-0: Called Strike 1-1: Swinging Strike 1-2: Ball 2-2: Strikes out swinging
|
Batting: RHB Dave Nickerson
|
0-0: Fly out, F5 (Popup, 5D, EV 52.5 MPH)
|
Top of the 2nd over - 0 runs, 1 hit, 0 errors, 1 left on base; Greenville 0 - Kannapolis 0 |
BOTTOM OF THE 2ND |
Kannapolis Intimidators batting - Pitching for Greenville Drive : LHP Nick Barnes
|
Batting: RHB Mitch Cuadros
|
0-0: Ball 1-0: Fly out, F4 (Flyball, 4D, EV 91.2 MPH)
|
Batting: RHB Edgar Franco
|
0-0: Called Strike 0-1: Ground out 6-3 (Groundball, 6, EV 84.4 MPH)
|
Batting: RHB Jose Medina
|
0-0: Foul Ball, location: 2F 0-1: Called Strike 0-2: Ball 1-2: Strikes out swinging
|
Bottom of the 2nd over - 0 runs, 0 hits, 0 errors, 0 left on base; Greenville 0 - Kannapolis 0 |
TOP OF THE 3RD |
Greenville Drive batting - Pitching for Kannapolis Intimidators : RHP Rick Sacket
|
Batting: RHB Adugna Chandu
|
0-0: Ball 1-0: Ball 2-0: Ball 3-0: Called Strike 3-1: Base on Balls
|
Batting: RHB Joel Vazquez
|
0-0: Swinging Strike 0-1: SINGLE (Groundball, 6, EV 100.0 MPH) Adugna Chandu to second
|
Batting: RHB John Chiesa
|
0-0: Ball 1-0: Called Strike 1-1: Ball 2-1: Ball 3-1: Base on Balls Adugna Chandu to third Joel Vazquez to second
|
Batting: LHB Frank Olivo
|
0-0: Foul Ball, location: 2F 0-1: Ball 1-1: Ball 2-1: Fielders Choice at 2nd, 5-4 (Groundball, 5, EV 95.6 MPH) Adugna Chandu scores Joel Vazquez to third
|
Batting: LHB Jarrett Mordecai
|
0-0: Ball 1-0: Ball 2-0: Fielders Choice at 2nd, 3-6 (Groundball, 34, EV 100.6 MPH) Joel Vazquez scores
|
Batting: LHB Sergio Tinoco
|
0-0: Called Strike 0-1: Ball 1-1: SINGLE (Groundball, 6S, EV 61.9 MPH) (infield hit) Jarrett Mordecai to second
|
Batting: RHB Jose Diaz
|
0-0: Ball 1-0: Ball 2-0: Ball 3-0: Base on Balls Jarrett Mordecai to third Sergio Tinoco to second
|
Batting: RHB Nick Cottrell
|
0-0: Foul Ball, location: 2F 0-1: Ball 1-1: Ground out 4-3 (Groundball, 4, EV 104.4 MPH)
|
Top of the 3rd over - 2 runs, 2 hits, 0 errors, 3 left on base; Greenville 2 - Kannapolis 0 |
BOTTOM OF THE 3RD |
Kannapolis Intimidators batting - Pitching for Greenville Drive : LHP Nick Barnes
|
Batting: SHB Matt Childers
|
0-0: Called Strike 0-1: Ground out 5-3 (Groundball, 56, EV 83.1 MPH)
|
Batting: RHB Tyrell Camp
|
0-0: SINGLE (Groundball, 6MD, EV 99.4 MPH)
|
Batting: RHB Harvey Harvey
|
0-0: Called Strike 0-1: Swinging Strike 0-2: Strikes out swinging
|
Batting: RHB Jeremy Hoffert
|
0-0: Ball 1-0: Ball 2-0: Called Strike 2-1: Ball 3-1: Called Strike 3-2: Base on Balls Tyrell Camp to second
|
Batting: LHB Joe Kirkland
|
0-0: Foul Ball, location: 2F 0-1: Fly out, F8 (Flyball, 8LS, EV 91.9 MPH)
|
Bottom of the 3rd over - 0 runs, 1 hit, 0 errors, 2 left on base; Greenville 2 - Kannapolis 0 |
TOP OF THE 4TH |
Greenville Drive batting - Pitching for Kannapolis Intimidators : RHP Rick Sacket
|
Batting: RHB Dave Nickerson
|
0-0: Ball 1-0: Called Strike 1-1: Fly out, F5 (Popup, 5SF, EV 89.4 MPH)
|
Batting: RHB Adugna Chandu
|
0-0: Ball 1-0: Fly out, F9 (Flyball, 9S, EV 73.8 MPH)
|
Batting: RHB Joel Vazquez
|
0-0: Ball 1-0: Called Strike 1-1: Swinging Strike 1-2: Foul Ball, location: 2F 1-2: Ground out 6-3 (Groundball, 6S, EV 86.9 MPH)
|
Top of the 4th over - 0 runs, 0 hits, 0 errors, 0 left on base; Greenville 2 - Kannapolis 0 |
BOTTOM OF THE 4TH |
Kannapolis Intimidators batting - Pitching for Greenville Drive : LHP Nick Barnes
|
Batting: RHB Dusty Ballard
|
0-0: Called Strike 0-1: Fly out, F5 (Popup, 5SF, EV 73.1 MPH)
|
Batting: RHB Mitch Cuadros
|
0-0: Ball 1-0: Ball 2-0: Foul Ball, location: 2F 2-1: Foul Ball, location: 2F 2-2: Ball 3-2: Fly out, F9 (Flyball, 9LD, EV 104.4 MPH)
|
Batting: RHB Edgar Franco
|
0-0: Called Strike 0-1: Ground out 5-3 (Groundball, 5, EV 93.8 MPH)
|
Bottom of the 4th over - 0 runs, 0 hits, 0 errors, 0 left on base; Greenville 2 - Kannapolis 0 |
TOP OF THE 5TH |
Greenville Drive batting - Pitching for Kannapolis Intimidators : RHP Rick Sacket
|
Batting: RHB John Chiesa
|
0-0: Ground out U3 (Groundball, 23, EV 84.4 MPH)
|
Batting: LHB Frank Olivo
|
0-0: Called Strike 0-1: Ball 1-1: Ball 2-1: Foul Ball, location: 2F 2-2: Foul Ball, location: 2F 2-2: Ball 3-2: Ground out 6-3 (Groundball, 6, EV 90.0 MPH)
|
Batting: LHB Jarrett Mordecai
|
0-0: Ball 1-0: Ball 2-0: SINGLE (Groundball, 34D, EV 100.6 MPH)
|
Batting: LHB Sergio Tinoco
|
0-0: Called Strike 0-1: Ball 1-1: Called Strike 1-2: Ball 2-2: Ball 3-2: Strikes out swinging
|
Top of the 5th over - 0 runs, 1 hit, 0 errors, 1 left on base; Greenville 2 - Kannapolis 0 |
BOTTOM OF THE 5TH |
Kannapolis Intimidators batting - Pitching for Greenville Drive : LHP Nick Barnes
|
Batting: RHB Jose Medina
|
0-0: Called Strike 0-1: Ball 1-1: Ball 2-1: Ball 3-1: Base on Balls
|
Batting: SHB Matt Childers
|
0-0: Ball 1-0: Called Strike 1-1: Ball 2-1: Ball 3-1: 2-RUN HOME RUN (Flyball, 9D, EV 93.1 MPH), Distance : 341 ft
|
Batting: RHB Tyrell Camp
|
0-0: Ball 1-0: Ball 2-0: Swinging Strike 2-1: Ground out 4-3 (Groundball, 4M, EV 79.4 MPH)
|
Batting: RHB Harvey Harvey
|
0-0: Ground out 5-3 (Groundball, 56, EV 111.2 MPH)
|
Batting: RHB Jeremy Hoffert
|
0-0: Ball 1-0: Called Strike 1-1: Ball 2-1: Foul Ball, location: 2F 2-2: Strikes out swinging
|
Bottom of the 5th over - 2 runs, 1 hit, 0 errors, 0 left on base; Greenville 2 - Kannapolis 2 |
TOP OF THE 6TH |
Greenville Drive batting - Pitching for Kannapolis Intimidators : RHP Rick Sacket
|
Pitching: RHP Jose Velez
|
|
Batting: RHB Jose Diaz
|
0-0: Ball 1-0: Ball 2-0: Called Strike 2-1: Foul Ball, location: 2F 2-2: Strikes out swinging
|
Batting: RHB Nick Cottrell
|
0-0: Called Strike 0-1: Foul Ball, location: 2F 0-2: Ground out 5-3 (Groundball, 56S, EV 90.6 MPH)
|
Batting: RHB Dave Nickerson
|
0-0: Foul Ball, location: 2F 0-1: Ground out 1-3 (Groundball, 13S, EV 74.4 MPH)
|
Top of the 6th over - 0 runs, 0 hits, 0 errors, 0 left on base; Greenville 2 - Kannapolis 2 |
BOTTOM OF THE 6TH |
Kannapolis Intimidators batting - Pitching for Greenville Drive : LHP Nick Barnes
|
Batting: LHB Joe Kirkland
|
0-0: Ball 1-0: Foul Ball, location: 2F 1-1: Fly out, F4 (Flyball, 4D, EV 88.1 MPH)
|
Batting: RHB Dusty Ballard
|
0-0: Fly out, F9 (Flyball, 89M, EV 88.8 MPH)
|
Batting: RHB Mitch Cuadros
|
0-0: Foul Ball, location: 2F 0-1: Ball 1-1: SINGLE (Groundball, 6D, EV 96.2 MPH)
|
Batting: RHB Edgar Franco
|
0-0: 2-RUN HOME RUN (Flyball, 7D, EV 97.5 MPH), Distance : 367 ft
|
Batting: RHB Jose Medina
|
0-0: Ball 1-0: Foul Ball, location: 2F 1-1: TRIPLE (Flyball, 89XD, EV 95.6 MPH)
|
Batting: SHB Matt Childers
|
0-0: Called Strike 0-1: Foul Ball, location: 2F 0-2: Strikes out looking
|
Bottom of the 6th over - 2 runs, 3 hits, 0 errors, 1 left on base; Greenville 2 - Kannapolis 4 |
TOP OF THE 7TH |
Greenville Drive batting - Pitching for Kannapolis Intimidators : RHP Jose Velez
|
Batting: RHB Adugna Chandu
|
0-0: Called Strike 0-1: Swinging Strike 0-2: Ball 1-2: Foul Ball, location: 2F 1-2: Foul Ball, location: 2F 1-2: Ball 2-2: Strikes out looking
|
Batting: RHB Joel Vazquez
|
0-0: Swinging Strike 0-1: Ball 1-1: Foul Ball, location: 2F 1-2: Strikes out swinging
|
Batting: RHB John Chiesa
|
0-0: Ball 1-0: Called Strike 1-1: Ground out 1-6-3 (Groundball, 15S, EV 103.8 MPH)
|
Top of the 7th over - 0 runs, 0 hits, 0 errors, 0 left on base; Greenville 2 - Kannapolis 4 |
BOTTOM OF THE 7TH |
Kannapolis Intimidators batting - Pitching for Greenville Drive : LHP Nick Barnes
|
Batting: RHB Tyrell Camp
|
0-0: Ball 1-0: Called Strike 1-1: Foul Ball, location: 2F 1-2: Foul Ball, location: 2F 1-2: Ball 2-2: Ball 3-2: Foul Ball, location: 2F 3-2: Ground out U3 (Groundball, 13, EV 83.1 MPH)
|
Pitching: RHP Mike Tolley
|
|
Batting: RHB Harvey Harvey
|
0-0: Ball 1-0: Ground out U3 (Groundball, 34, EV 80.0 MPH)
|
Batting: RHB Jeremy Hoffert
|
0-0: Ball 1-0: Ball 2-0: Swinging Strike 2-1: Called Strike 2-2: SINGLE (Line Drive, 9S, EV 101.2 MPH)
|
Pitching: LHP Paul Hinderliter
|
|
Batting: LHB Joe Kirkland
|
0-0: Ball 1-0: Called Strike Jeremy Hoffert steals 2nd base 1-1: Foul Ball, location: 2F 1-2: Ball 2-2: Foul Ball, location: 2F 2-2: Foul Ball, location: 2F 2-2: Strikes out swinging
|
Bottom of the 7th over - 0 runs, 1 hit, 0 errors, 1 left on base; Greenville 2 - Kannapolis 4 |
TOP OF THE 8TH |
Greenville Drive batting - Pitching for Kannapolis Intimidators : RHP Jose Velez
|
Batting: LHB Frank Olivo
|
0-0: Ball 1-0: Foul Ball, location: 2F 1-1: Ball 2-1: Foul Ball, location: 2F 2-2: Ball 3-2: Fly out, F9 (Flyball, 9S, EV 88.8 MPH)
|
Batting: LHB Jarrett Mordecai
|
0-0: Foul Ball, location: 2F 0-1: Ball 1-1: Called Strike 1-2: Foul Ball, location: 2F 1-2: Strikes out swinging
|
Batting: LHB Sergio Tinoco
|
0-0: Ball 1-0: Ball 2-0: SINGLE (Groundball, 4MD, EV 107.5 MPH)
|
Batting: RHB Jose Diaz
|
0-0: Foul Ball, location: 2F 0-1: Fly out, F9 (Flyball, 9LM, EV 83.8 MPH)
|
Top of the 8th over - 0 runs, 1 hit, 0 errors, 1 left on base; Greenville 2 - Kannapolis 4 |
BOTTOM OF THE 8TH |
Kannapolis Intimidators batting - Pitching for Greenville Drive : LHP Paul Hinderliter
|
Batting: RHB Dusty Ballard
|
0-0: Called Strike 0-1: Foul Ball, location: 2F 0-2: Ball 1-2: Ground out 3-1 (Groundball, 34, EV 86.9 MPH)
|
Batting: RHB Mitch Cuadros
|
0-0: Ball 1-0: Called Strike 1-1: Foul Ball, location: 2F 1-2: Ball 2-2: Fly out, F7 (Flyball, 78S, EV 81.9 MPH)
|
Batting: RHB Edgar Franco
|
0-0: Ball 1-0: Ball 2-0: Foul Ball, location: 2F 2-1: SINGLE (Line Drive, 8LS, EV 93.1 MPH)
|
Batting: RHB Jose Medina
|
0-0: Called Strike 0-1: Ball 1-1: Called Strike 1-2: Strikes out swinging
|
Bottom of the 8th over - 0 runs, 1 hit, 0 errors, 1 left on base; Greenville 2 - Kannapolis 4 |
TOP OF THE 9TH |
Greenville Drive batting - Pitching for Kannapolis Intimidators : RHP Jose Velez
|
Pitching: RHP Maury Compson
|
|
Batting: RHB Nick Cottrell
|
0-0: Fly out, F8 (Flyball, 8RM, EV 81.2 MPH)
|
Batting: RHB Dave Nickerson
|
0-0: Ball 1-0: SINGLE (Groundball, 56D, EV 103.8 MPH)
|
Batting: RHB Adugna Chandu
|
0-0: Called Strike 0-1: Ball 1-1: Reached on error, E6 (Groundball, 6, EV 77.5 MPH) Dave Nickerson to second
|
Batting: RHB Joel Vazquez
|
0-0: Ball 1-0: Fly out, F3 (Popup, 3L, EV 79.4 MPH)
|
Batting: RHB John Chiesa
|
0-0: Swinging Strike 0-1: Ball 1-1: Fielders Choice at 2nd, 6-4 (Groundball, 6, EV 85.0 MPH)
|
Top of the 9th over - 0 runs, 1 hit, 1 error, 2 left on base; Greenville 2 - Kannapolis 4 |
|